 Dungeon Crawl Stone Soup version 0.30.0-11-gf55b779eaf (webtiles) character file.

Game seed: 2270521849496802808

763 Edyrem the Covert (level 8, -2/51 HPs)
             Began as a Kobold Brigand on May 16, 2023.
             Splashed by a jelly's acid (3 damage)
             ... on level 5 of the Dungeon.
             The game lasted 00:07:36 (4040 turns).

Edyrem the Covert (Kobold Brigand)                  Turns: 4040, Time: 00:07:37

Health: -2/51      AC: -4    Str: 10    XL:     8   Next: 8%
Magic:  8/8        EV: 14    Int: 12    God:
Gold:   395        SH:  0    Dex: 15    Spells: 7/7 levels left

rFire   . . .        a - +2 dagger
rCold   . . .        (no shield)
rNeg    + . .        b - +0 robe
rPois   .            (no helmet)
rElec   +            q - +1 cloak
rCorr   .            (no gloves)
SInv    +            (no boots)
Will    .....        (no amulet)
Stlth   +++++        p - ring of positive energy
HPRegen 0.28/turn    o - ring of see invisible
MPRegen 0.11/turn

%: no passive effects
@: corroded
A: small, no large weapons, nightstalker 3, clumsy 1, electricity resistance, no
potion heal 1
a: no special abilities


You were on level 5 of the Dungeon.
You visited 1 branch of the dungeon, and saw 5 of its levels.

You collected 395 gold pieces.

Inventory:

Hand Weapons
 a - a +2 dagger (weapon)
 y - a +0 shortbow
Missiles
 d - 11 poisoned darts (quivered)
 e - 3 curare-tipped darts
 k - 5 boomerangs
Armour
 b - a +0 robe (worn)
 q - a +1 cloak (worn)
Jewellery
 n - a ring of resist corrosion
 o - a ring of see invisible (right hand)
 p - a ring of positive energy (left hand)
Wands
 h - a wand of flame (11)
Scrolls
 c - 2 scrolls of teleportation {unknown}
 g - a scroll of vulnerability {unknown}
 i - 5 scrolls of identify {unknown}
 j - 4 scrolls of fear {unknown}
 l - 3 scrolls of butterflies {unknown}
 m - 3 scrolls of silence {unknown}
 s - a scroll of poison {unknown}
 t - a scroll of blinking {unknown}
 u - 2 scrolls of magic mapping {unknown}
 w - a scroll of fog {unknown}
 A - a scroll of immolation {unknown}
Potions
 f - a potion of brilliance {unknown}
 x - a potion of flight
 z - a potion of berserk rage {unknown}


   Skills:
 + Level 6.2 Fighting
 + Level 5.3 Short Blades
 - Level 2.1 Throwing
 - Level 1.2 Dodging
 + Level 9.3 Stealth


You had 7 spell levels left.
You didn't know any spells.
Your spell library contained the following spells:

 Spells                   Type           Power      Damage    Failure   Level
 Apportation              Tloc           0%         N/A       32%         1
 Necrotise                Necr           0%         1d4       32%         1
 Summon Small Mammal      Summ           0%         N/A       32%         1
 Blink                    Tloc           0%         N/A       45%         2
 Lesser Beckoning         Tloc           0%         N/A       45%         2
 Momentum Strike          Conj/Tloc      0%         3d8       45%         2
 Sublimation of Blood     Necr           0%         N/A       45%         2
 Ozocubu's Armour         Ice            0%         N/A       69%         3
 Petrify                  Tmut/Erth      0%         N/A       97%         4
 Irradiate                Conj/Tmut      0%         3d11      100%        5
 Ozocubu's Refrigeration  Ice            0%         4d7       100%        7


Dungeon Overview and Level Annotations

Branches:
Dungeon (5/15)
 Temple: D:4-7

Altars:
Nemelex Xobeh

Shops:
D:4 ?

Annotations:
D:4 1 runed translucent door


Innate Abilities, Weirdness & Mutations

You are small and have problems with some larger weapons.
You are completely attuned to the shadows.
You are clumsy. (Dex -2)
You are resistant to electric shocks. (rElec)
Potions are less effective at restoring your health.


Message History

The jelly closely misses you.
You see here a smoky yellow potion.
You hit the jelly. The acid corrodes you!
Your hands burn!
The jelly is lightly wounded.
The jelly hits you.
You are splashed with acid!
You hit the jelly.
Your hands burn!
The jelly is moderately wounded.
The jelly hits you. The acid corrodes you!
You are splashed with acid!
You hit the jelly but do no damage.
Your hands burn!
The jelly is moderately wounded.
The jelly closely misses you.
You hit the jelly but do no damage.
Your hands burn!
The jelly is moderately wounded.
You hit the jelly but do no damage.
Your hands burn!
The jelly is moderately wounded.
The jelly barely misses you.
You completely miss the jelly. You punch the jelly, but do no damage.
The jelly is moderately wounded.
The jelly completely misses you.
You hit the jelly but do no damage.
Your hands burn!
* * * LOW HITPOINT WARNING * * *
The jelly is moderately wounded.
The jelly misses you.
You hit the jelly but do no damage.
Your hands burn!
* * * LOW HITPOINT WARNING * * *
The jelly is moderately wounded.
You hit the jelly.
Your hands burn!
* * * LOW HITPOINT WARNING * * *
The jelly is heavily wounded.
The jelly misses you.
You hit the jelly. The acid corrodes you!
Your hands burn!
* * * LOW HITPOINT WARNING * * *
The jelly is severely wounded.
The jelly misses you.
You hit the jelly but do no damage.
Your hands burn!
* * * LOW HITPOINT WARNING * * *
The jelly is severely wounded.
The jelly misses you.
You hit the jelly but do no damage.
Your hands burn!
You die...

# #....#
#.###...##
..........
#.......###
#####.#.#
#.#.#
###.#.#
######.....#
...J@....###
######.###
#.# #.#
#†....
######


You could see a jelly.

Vanquished Creatures
  The ghost of croobank the Trooper, an amateur GnWn (D:4)
  A steam dragon (D:4)
  A black bear (D:4)
  An ogre (D:4)
  A bullfrog (D:4)
  A scorpion (D:5)
  A jelly (D:4)
  An orc priest (D:4)
  An orc wizard (D:4)
  4 adders
  4 worms
  A dart slug (D:1)
  8 orcs
  6 endoplasms
  A giant cockroach (D:1)
  2 goblins
  3 hobgoblins
  4 kobolds
  4 quokkas
  5 ball pythons
  3 bats
  2 frilled lizards
  19 rats
75 creatures vanquished.

Notes
Turn   | Place    | Note
-------+----------+-------------------------------------------
     0 | D:1      | Edyrem the Kobold Brigand began the quest for the Orb.
     0 | D:1      | Reached XP level 1. HP: 12/12 MP: 1/1
   262 | D:1      | Found a faded altar of an unknown god.
   338 | D:1      | Reached XP level 2. HP: 18/18 MP: 2/2
  1015 | D:2      | Reached skill level 6 in Stealth
  1015 | D:2      | Reached XP level 3. HP: 23/23 MP: 3/3
  1485 | D:3      | Reached XP level 4. HP: 27/28 MP: 4/4
  1641 | D:3      | Found a sparkling altar of Nemelex Xobeh.
  2390 | D:4      | Noticed an ogre
  2396 | D:4      | Killed an ogre
  2397 | D:4      | Reached skill level 7 in Stealth
  2397 | D:4      | Reached XP level 5. HP: 34/34 MP: 5/5
  2598 | D:4      | Found The Oracle's Delphic Readings.
  2733 | D:4      | Reached XP level 6. HP: 39/39 MP: 6/6
  2966 | D:4      | Found a runed translucent door.
  3165 | D:4      | Noticed a black bear
  3170 | D:4      | Killed a black bear
  3171 | D:4      | Reached skill level 5 in Fighting
  3171 | D:4      | Reached skill level 8 in Stealth
  3171 | D:4      | Noticed a steam dragon
  3176 | D:4      | Killed a steam dragon
  3177 | D:4      | Reached XP level 7. HP: 44/44 MP: 7/7
  3612 | D:4      | Found a runed translucent door.
  3720 | D:4      | Noticed croobank's ghost (amateur GnWn)
  3740 | D:4      | Gained mutation: Potions are less effective at restoring
                  | your health. [potion of mutation]
  3740 | D:4      | Gained mutation: You are agile. (Dex +4, Str/Int -1)
                  | [potion of mutation]
  3740 | D:4      | Gained mutation: You are resistant to electric shocks.
                  | (rElec) [potion of mutation]
  3740 | D:4      | Gained mutation: You have hidden genetic potential. [potion
                  | of mutation]
  3741 | D:4      | Lost mutation: You are agile. (Dex +4, Str/Int -1) [potion
                  | of mutation]
  3741 | D:4      | Lost mutation: You have hidden genetic potential. [potion
                  | of mutation]
  3741 | D:4      | Gained mutation: You are clumsy. (Dex -2) [potion of
                  | mutation]
  3763 | D:4      | Killed croobank's ghost
  3764 | D:4      | Reached skill level 5 in Short Blades
  3764 | D:4      | Reached skill level 9 in Stealth
  3765 | D:4      | Reached XP level 8. HP: 22/51 MP: 8/8
  3854 | D:5      | Entered Level 5 of the Dungeon
  4039 | D:5      | HP: 1/51 [acid (5)]
  4040 | D:5      | Splashed by a jelly's acid

Illustrated notes

Levels and vault maps discovered:
D:1:      minmay_arrival_stone_box, layout_loops_ring,
          chequers_ecumenical_altar_simple_redux
D:2:      layout_rooms, minmay_rat_gold_closets
D:3:      layout_basic, amcnicky_altar_gilded, kennysheep_boxes
D:4:      layout_loops_corners, ebering_ghost_sewer_f,
          nicolae_nh_oracle_at_delphi
D:5:      layout_loops_ring

Skill      XL: |  1  2  3  4  5  6  7 |
---------------+----------------------+-----
Fighting       | 3 4 5 6 |  6.2
Stealth        | 6 7 8 9 |  9.3
Short Blades   | 4 5 |  5.3
Throwing       | |  2.1
Dodging        | |  1.2

Action                     |  1- 3 |  4- 6 |  7- 9 || total
---------------------------+-------+-------+-------++-------
  Melee: Dagger            |    82 |    63 |    83 ||   228
         Punch             |     2 |     1 |     3 ||     6
    Use: Potion            |       |       |     6 ||     6
   Stab: Sleeping          |    21 |    20 |     3 ||    44
 Armour: Robe              |    10 |     7 |    11 ||    28
  Dodge: Dodged            |    44 |    22 |    37 ||   103
